 Dungeon Crawl Stone Soup version 0.29.1-4-g47bece8355 (webtiles) character file.

Game seed: 17437399419875836033

151 CaptainMV the Sneak (level 5, -2/28 HPs)
             Began as a Kobold Enchanter on Dec 8, 2022.
             Shot with a sling bullet by a goblin (5 damage)
             ... led by Robin
             ... on level 3 of the Dungeon.
             The game lasted 00:21:28 (2157 turns).

CaptainMV the Sneak (Kobold Enchanter)              Turns: 2157, Time: 00:21:28

Health: -2/28      AC:  7    Str:  5    XL:     5   Next: 60%
Magic:  8/8        EV: 15    Int: 18    God:
Gold:   168        SH:  0    Dex: 16    Spells: 5/8 levels left

rFire   . . .      SeeInvis .   a - +1 dagger
rCold   . . .      Faith    .   (no shield)
rNeg    . . .      Spirit   .   b - +0 robe
rPois   .          Reflect  .   (no helmet)
rElec   .          Harm     .   (no cloak)
rCorr   .          Rampage  .   (no gloves)
Will    .....                   o - +0 pair of boots
Stlth   ++++......              (no amulet)
HPRegen 0.09/turn               q - +4 ring of protection
MPRegen 0.11/turn               (no ring)

@: no status effects
A: small, no large weapons, nightstalker 3
a: no special abilities


You were on level 3 of the Dungeon.
You visited 1 branch of the dungeon, and saw 3 of its levels.

You collected 168 gold pieces.

Inventory:

Hand Weapons
 a - a +1 dagger (weapon)
Missiles
 e - 6 poisoned darts (quivered)
 f - 2 boomerangs
Armour
 b - a +0 robe (worn)
 o - a +0 pair of boots (worn)
Jewellery
 q - a +4 ring of protection (left hand)
Scrolls
 g - a scroll of identify {unknown}
 h - a scroll of fear {unknown}
 i - a scroll of immolation {unknown}
 j - a scroll of summoning {unknown}
 k - a scroll of enchant weapon {unknown}
 l - a scroll of teleportation {unknown}
 m - a scroll of enchant armour {unknown}
 p - a scroll of poison {unknown}
 r - a scroll of magic mapping {unknown}
 s - a scroll of blinking {unknown}
Potions
 d - a potion of flight {unknown}
 n - 3 potions of mutation {unknown}
 t - a potion of haste {unknown}
 u - a potion of attraction {unknown}


   Skills:
 + Level 0.8 Fighting
 + Level 3.3 Short Blades
 + Level 0.3 Throwing
 + Level 3.5 Dodging
 + Level 6.0 Stealth
 + Level 2.3 Spellcasting
 + Level 3.3 Hexes


You had 5 spell levels left.
You knew the following spells:

 Your Spells              Type           Power      Damage    Failure   Level
a - Tukima's Dance        Hex            14%        N/A       13%         3

Your spell library contained the following spells:

 Spells                   Type           Power      Damage    Failure   Level
 Ensorcelled Hibernation  Hex/Ice        16%        N/A       13%         2
 Confusing Touch          Hex            14%        N/A       13%         3
 Apportation              Tloc           4%         N/A       19%         1
 Dazzling Flash           Conj/Hex       16%        N/A       26%         3
 Alistair's Intoxication  Tmut/Pois      1%         N/A       99%         5


Dungeon Overview and Level Annotations

Branches:
Dungeon (3/15)

Altars:
Yredelemnul

Annotations:
D:3 Robin


Innate Abilities, Weirdness & Mutations

You are small and have problems with some larger weapons.
You are completely attuned to the shadows.


Message History

Ijyb closely misses you.
You closely miss Ijyb.
Ijyb is severely wounded.
Ijyb closely misses you.
You hit Ijyb.
Ijyb is almost dead.
You hit Ijyb.
You kill Ijyb!
Your Short Blades skill increases to level 3!
The goblin shouts!
You hit the goblin. Your punch misses the goblin.
The goblin is moderately wounded.
You hear a shout!
The goblin barely misses you.
You hit the goblin but do no damage. The goblin hits you but does no damage.
The goblin unwields a +0 club.
The goblin wields a +0 sling.
The goblin shoots a sling bullet.
The sling bullet completely misses you. The goblin misses you.
The goblin shoots a sling bullet.
You hit the goblin.
You kill the goblin!
You flicker for a moment.
The goblin shoots a sling bullet.
Your Stealth skill increases to level 6!
Items here: / [ ††.
You see here a +0 club.
You hit the goblin.
You kill the goblin!
You flicker back into view.
The goblin hits you but does no damage.
Items here: / [ ††.
You barely miss the goblin. The goblin completely misses you.
You hit the goblin.
The goblin is severely wounded.
The goblin misses you. x2
You hit the goblin.
You kill the goblin!
You hit the goblin.
You kill the goblin!
The goblin shoots a sling bullet.
The sling bullet hits you.
You die...

#... ##.# ... ###.#
###..##..# #....
..g.....# #.###
#.g..g..##.# #.#..
#.)g)....#.# #.#.#
#.###)...#.####.#.#..
#..)@..).............
#######....####.#.##.
##.#.......####
#####.##..#### #
#.......#.########
#.................
#..........#######
#...........### #
.....†.........## #


You could see a goblin.

Vanquished Creatures
  Ijyb (D:3)
  A hound zombie (D:3)
  4 adders
  A worm (D:3)
  3 dart slugs (D:1)
  7 bats
  4 endoplasms (D:1)
  A giant cockroach (D:1)
  7 goblins
  10 hobgoblins
  6 kobolds
  2 quokkas (D:2)
  9 ball pythons
  3 frilled lizards
  A giant cockroach zombie (D:3)
  5 rats
65 creatures vanquished.

Vanquished Creatures (others)
  A dancing weapon (D:3)
  A goblin (D:3)
2 creatures vanquished.

Grand Total: 67 creatures vanquished

Notes
Turn   | Place    | Note
-------+----------+-------------------------------------------
     0 | D:1      | CaptainMV the Kobold Enchanter began the quest for the Orb.
     0 | D:1      | Reached XP level 1. HP: 10/10 MP: 3/3
    88 | D:1      | Reached XP level 2. HP: 11/15 MP: 5/5
   382 | D:1      | Reached XP level 3. HP: 19/19 MP: 6/6
   471 | D:1      | Reached skill level 5 in Stealth
   974 | D:1      | Learned a level 3 spell: Tukima's Dance
  1262 | D:2      | Reached XP level 4. HP: 24/24 MP: 7/7
  1909 | D:3      | Reached XP level 5. HP: 28/28 MP: 8/8
  2052 | D:3      | Found a basalt altar of Yredelemnul.
  2096 | D:3      | Noticed Ijyb
  2106 | D:3      | Identified the +2 helmet "Nunge" {rN+ Int+3}
  2106 | D:3      | Noticed Robin
  2140 | D:3      | Killed Ijyb
  2148 | D:3      | Reached skill level 6 in Stealth
  2157 | D:3      | Shot with a sling bullet by a goblin

Illustrated notes

Levels and vault maps discovered:
D:1:      dpeg_arrival_yet_another_circle, layout_basic,
          nicolae_concentric_dashed_squares_wild, minmay_stone_trees_medium
D:2:      layout_rooms, serial_corexii_hall, corexii_hall_statues_s,
          corexii_hall_statues_x, corexii_hall_statues_l
D:3:      layout_basic, lemuel_zombie_altar_yredelemnul, amcnicky_altar_gilded,
          minmay_fractal_squares_5, uniq_ijyb, uniq_robin, uniq_natasha,
          uniq_jessica

Skill      XL: |  1  2  3  4  5 |
---------------+----------------+-----
Stealth        | 5 6 |  6.0
Short Blades   | 2 3 |  3.3
Dodging        | 3 |  3.5
Fighting       | |  0.8
Throwing       | |  0.3
Spellcasting   | |  2.3
Hexes          | |  3.3

Action                   |  1- 3 |  4- 6 || total
-------------------------+-------+-------++-------
Melee: Dagger            |    72 |    97 ||   169
       Punch             |       |     1 ||     1
Throw: Dart              |     2 |     2 ||     4
 Cast: Tukima's Dance    |       |     1 ||     1
  Use: Potion            |       |     2 ||     2
 Stab: Sleeping          |    20 |    11 ||    31
       Invisible         |       |     5 ||     5
Armor: Robe              |    11 |    15 ||    26
Dodge: Dodged            |    42 |    71 ||   113
